Map: World of Sleepers LE

Players

Paperboat - Winner!

  • Race: Zerg Zerg
  • League: Master
  • Spawn Location: 7:00

GameFriend

  • Race: Zerg Zerg
  • League: Diamond
  • Spawn Location: 1:00

VOD

Have the link to the VOD?

Description

Time

  • Played on: Sept. 28, 2019, 5:30 p.m.
  • Length: 10:11
Show
View Real Time Build Order
Export as new Build Order

Paperboat Zerg - Winner!

Build Orders: Hatch First 

Get SALT Encoding   

  12  0:00  Drone  
  13  0:12  Overlord  
  13  0:16  Drone  
  14  0:30  Drone x2  
  16  0:47  Hatchery  
  15  0:51  Drone  
  15  0:54  Drone  
  17  1:08  Spawning Pool  
  17  1:10  Drone  
  17  1:13  Drone  
  17  1:17  Drone  
  19  1:24  Extractor  
  18  1:27  Drone  
  19  1:39  Overlord  
  19  1:50  Drone  
  20  1:55  Queen  
  20  1:58  Queen  
  20  1:59  Zergling x2  
  25  2:03  Drone  
  26  2:10  Drone  
  26  2:12  Drone  
  28  2:21  Drone  
  29  2:23  Drone  
  30  2:31  Lair  
  30  2:36  Queen  
  30  2:42  Evolution Chamber  
  30  2:44  Drone  
  32  2:45  Roach Warren  
  32  2:48  Overlord  
  32  2:50  Drone  
  31  2:53  Drone  
  33  2:58  Drone x2  
  33  3:03  Overlord  
  34  3:05  Drone  
  34  3:10  Zerg Missile Weapons Level 1  
  35  3:16  Evolution Chamber  
  35  3:19  Spine Crawler  
  33  3:24  Drone x2  
  33  3:25  Drone  
  36  3:30  Drone  
  36  3:31  Drone  
  38  3:38  Drone x3  
  41  3:44  Glial Reconstitution  
  41  3:46  Extractor  
  41  3:47  Drone x2  
  41  3:48  Drone, Extractor  
  42  3:51  Drone  
  42  3:54  Drone x2  
  46  4:06  Drone x3  
  46  4:07  Drone  
  50  4:11  Roach  
  50  4:12  Overseer  
  50  4:16  Overlord  
  50  4:17  Overlord  
  52  4:30  Hatchery  
  51  4:33  Overlord  
  51  4:35  Roach x4  
  59  4:38  Roach  
  61  4:48  Roach x3  
  67  5:02  Overlord  
  67  5:15  Drone x4, Extractor  
  67  5:17  Drone x2  
  67  5:18  Overlord  
  67  5:20  Roach x2  
  67  5:21  Roach x2  
  80  5:23  Zerg Missile Weapons Level 2  
  78  5:29  Overlord  
  78  5:34  Roach x2  
  82  5:44  Roach x4  
  82  5:47  Overseer  
  90  5:51  Overlord  
  90  5:54  Roach x5  
  90  5:57  Overlord  
  100  5:59  Roach  
  102  6:04  Roach  
  102  6:11  Roach x5  
  114  6:24  Nydus Network, Roach x4  
  121  6:33  Overlord  
  121  6:47  Overlord  
  121  6:53  Roach x4  
  129  6:55  Overlord  
  129  7:01  Nydus Canal  
  129  7:03  Overlord  
  129  7:05  Roach x4  
  137  7:14  Roach x2  
  137  7:15  Roach x7  
  111  7:26  Roach x5  
  111  7:27  Roach  
  113  7:31  Roach  
  113  7:32  Roach  
  113  7:39  Roach x3  
  117  7:46  Roach x3  
  117  7:51  Roach  
  125  7:54  Roach  
  125  7:55  Nydus Canal, Roach x2  
  131  8:05  Roach x2  
  135  8:10  Nydus Canal  
  133  8:14  Roach x4  
  141  8:31  Nydus Canal  
  141  8:33  Roach x2  
  141  8:34  Roach x5  
  147  8:35  Overlord  
  147  8:40  Roach x2  
  151  8:44  Roach  
  153  8:53  Nydus Canal  
  153  9:00  Roach x2  
  153  9:01  Roach x2  
  155  9:24  Roach x5  
  155  9:30  Roach x5  
  159  9:36  Roach  
  159  9:37  Roach x5  
  161  9:42  Roach x3  
  161  9:45  Nydus Canal  
  159  9:48  Roach x2  
Show
View Real Time Build Order
Export as new Build Order

GameFriend Zerg 

Build Orders: Hatch First 

Get SALT Encoding   

  12  0:01  Drone  
  13  0:12  Overlord  
  13  0:16  Drone  
  14  0:31  Drone x2  
  14  0:34  Drone  
  17  0:52  Hatchery  
  17  0:55  Drone  
  17  0:59  Drone  
  17  1:01  Extractor  
  17  1:15  Spawning Pool  
  16  1:21  Drone  
  16  1:22  Drone  
  18  1:30  Drone  
  19  1:38  Overlord  
  19  1:50  Drone  
  20  2:02  Queen, Metabolic Boost  
  20  2:04  Queen  
  20  2:07  Zergling x2  
  25  2:10  Zergling x2  
  25  2:13  Drone  
  27  2:17  Drone  
  28  2:27  Drone  
  28  2:28  Drone  
  30  2:34  Drone  
  31  2:49  Drone x3  
  34  2:55  Roach Warren  
  34  2:57  Evolution Chamber  
  34  2:58  Drone x2  
  33  3:00  Evolution Chamber  
  33  3:06  Overlord  
  33  3:17  Overlord  
  33  3:20  Overlord  
  33  3:23  Queen  
  35  3:29  Drone  
  35  3:31  Overlord  
  35  3:33  Zerg Missile Weapons Level 1  
  36  3:35  Drone x2  
  36  3:38  Drone  
  36  3:39  Drone  
  40  3:45  Drone x2  
  42  3:50  Drone x3  
  42  3:53  Extractor  
  42  3:54  Drone  
  42  3:55  Extractor  
  44  3:57  Drone  
  45  4:04  Drone  
  45  4:07  Roach  
  45  4:08  Zerg Ground Armor Level 1  
  48  4:14  Drone  
  49  4:17  Drone  
  49  4:19  Lair  
  50  4:26  Roach x2  
  54  4:38  Drone x2  
  54  4:39  Drone x4  
  60  4:50  Overlord  
  60  4:54  Hatchery  
  59  5:00  Overlord x3  
  59  5:03  Drone  
  59  5:04  Extractor  
  59  5:08  Overlord  
  59  5:13  Roach x4  
  67  5:20  Roach  
  69  5:26  Roach x2  
  73  5:34  Zerg Missile Weapons Level 2, Glial Reconstitution  
  70  5:37  Roach x3  
  70  5:38  Roach  
  76  5:46  Roach  
  76  5:47  Spine Crawler, Roach x2  
  79  5:54  Roach x2  
  79  5:56  Roach x2  
  87  6:04  Roach x3  
  87  6:05  Roach  
  94  6:13  Roach x3  
  94  6:17  Roach  
  102  6:24  Roach x2  
  106  6:30  Overlord x3  
  106  6:39  Spine Crawler  
  106  6:40  Ravager  
  104  6:55  Roach x8  
  104  6:59  Roach  
  104  7:00  Roach  
  124  7:06  Roach x2  
  129  7:08  Drone  
  129  7:15  Roach x3  
  126  7:22  Roach x2  
  114  7:23  Roach  
  106  7:30  Roach x2  
  109  7:41  Roach x3  
  111  7:57  Drone  
  111  7:58  Drone x4  
  116  8:00  Queen, Spore Crawler  
  115  8:19  Queen  
  117  8:20  Drone x4  
  117  8:22  Extractor x2  
  119  8:29  Roach  
  119  8:30  Roach x3  
  127  8:40  Drone x2  
  127  8:41  Drone  
  130  8:42  Overlord x2  
  130  8:48  Overlord  
  128  8:57  Roach  
  128  8:59  Overlord x2  
  128  9:02  Roach x3  
  126  9:17  Roach x3  
  126  9:18  Roach x5  
  129  9:27  Roach  
  129  9:28  Roach  
  117  9:33  Roach  
  103  9:40  Roach x2  
  103  9:44  Roach x4  
  103  9:45  Roach  
Tags
 
Add a new tag
Caveats
  • Supply blocks, unpowered buildings, or Contaminate may cause inaccurate times.
  • Supply counts are checked every 10 seconds.